 Dungeon Crawl Stone Soup version 0.28.0-45-g0d030f2227 (webtiles) character file.

Game seed: 1008320037824465769

90 pkoi the Insei (level 4, -2/36 HPs)
             Began as a Demigod Gladiator on Apr 24, 2022.
             Killed from afar by Sigmund (5 damage)
             ... with a magic dart
             ... on level 2 of the Dungeon.
             The game lasted 00:03:14 (3091 turns).

pkoi the Insei (Demigod Gladiator)                  Turns: 3091, Time: 00:03:15

Health: -2/36      AC:  9    Str: 15    XL:     4   Next: 11%
Magic:  6/6        EV:  7    Int: 14    God:
Gold:   89         SH:  0    Dex: 15    Spells: 1/3 levels left

rFire   + . .      SeeInvis .     - Unarmed
rCold   + . .      Faith    .   (no shield)
rNeg    . . .      Spirit   .   f - +0 chain mail
rPois   +          Reflect  .   b - +0 helmet
rElec   +          Harm     .   (no cloak)
rCorr   +          Rampage  .   (no gloves)
Will    .....                   (no boots)
Stlth   ..........              (no amulet)
HPRegen 0.12/turn               m - ring of poison resistance
MPRegen 0.10/turn               (no ring)

@: resistant
A: high MP 1, forlorn, divine attributes
a: no special abilities


You were on level 2 of the Dungeon.
You visited 1 branch of the dungeon, and saw 2 of its levels.

You collected 89 gold pieces.

Inventory:

Hand Weapons
 d - a +0 hunting sling
Missiles
 i - 23 sling bullets
 k - 60 stones (quivered)
Armour
 a - a +0 leather armour
 b - a +0 helmet (worn)
 f - a +0 chain mail (worn)
Jewellery
 m - a ring of poison resistance (left hand)
Scrolls
 g - a scroll of magic mapping
 h - a scroll of identify {unknown}
 n - a scroll of immolation {unknown}
 o - a scroll of amnesia {unknown}


   Skills:
 + Level 1.8 Fighting
 - Level 1.7 Throwing
 - Level 2.6 Dodging
 * Level 4.6 Unarmed Combat
 + Level 0.1 Spellcasting
 + Level 0.1 Translocations


You had one spell level left.
You knew the following spells:

 Your Spells              Type           Power      Damage    Failure   Level
a - Blink                 Tloc           0%         N/A       100%        2

Your spell library contained the following spells:

 Spells                   Type           Power      Damage    Failure   Level
 Lesser Beckoning         Tloc           0%         N/A       100%        3
 Manifold Assault         Tloc           0%         N/A       100%        5
 Storm Form               Tmut/Air       0%         N/A       100%        7


Dungeon Overview and Level Annotations

Branches:
Dungeon (2/15)

Shops:
D:2 [

Annotations:
D:2 Sigmund


Innate Abilities, Weirdness & Mutations

You have an increased reservoir of magic. (+10% MP)
You shall have no god before yourself.
Your divine heritage dramatically boosts your attributes as you level up.


Message History

You hit something.
You hear some strange, mumbled words.
Something tries to affect you, but you resist.
You punch something! Something hits you!
* * * LOW HITPOINT WARNING * * *
You barely miss something. Something hits you but does no damage.
You miss something. You hit something. Something hits you but does no damage.
You aren't carrying any potions.
As you read the scroll labelled REOMEA WUEFAR, it crumbles to dust.
You feel aware of your surroundings.
It was a scroll of magic mapping.
Sigmund appears from thin air!
Reactivating autopickup.
Sigmund zaps a wand.
The puff of flame hits you but does no damage.
You hit Sigmund.
Sigmund is severely wounded.
You barely miss Sigmund.
Sigmund is severely wounded.
Sigmund zaps a wand.
The puff of flame hits you. You resist.
* * * LOW HITPOINT WARNING * * *
You closely miss Sigmund.
Sigmund is severely wounded.
Sigmund hits you with a +0 scythe.
* * * LOW HITPOINT WARNING * * *
You hit Sigmund.
Sigmund is severely wounded.
Sigmund zaps a wand.
The puff of flame hits you. You resist.
* * * LOW HITPOINT WARNING * * *
You closely miss Sigmund.
Sigmund is severely wounded.
Sigmund casts a spell.
Sigmund flickers and vanishes!
Deactivating autopickup; reactivate with Ctrl-A.
You miss something.
You feel less attractive to monsters.
You closely miss something.
You hear some strange, mumbled words.
A magic dart appears from out of thin air!
The magic dart hits you.
You die...

#....#...........#.#########..#
##....###.....#.............#..##
[.....# #.....#...#########.....#
###...# #.....##..# ####..# #...#
#.........# *********##.# #...#
###)###...# *,,,,.,,* #..
###>..#####..#.#.## *,,..>,,* ###
.............#.#.####.(...,,* #..
.............#.#@{((...(..,,* #.#
.............#..#####.....,,* #.#
###...########...# *,,...,,* #.#
#...# ##.## *,,,,.,,* #.# #...#
#.# ********* #.# #...# #.# #..
###...# #.# ##### ### ......#
#.###...# ##### ###...#
#.......#######....


There were no monsters in sight!

Vanquished Creatures
  An orc wizard (D:2)
  3 adders (D:2)
  A dart slug (D:1)
  2 orcs (D:2)
  3 ball pythons
  4 bats
  6 endoplasms
  A giant cockroach (D:2)
  5 goblins
  A hobgoblin (D:1)
  2 kobolds
  2 quokkas
  A rat (D:1)
32 creatures vanquished.

Notes
Turn   | Place    | Note
-------+----------+-------------------------------------------
     0 | D:1      | pkoi the Demigod Gladiator began the quest for the Orb.
     0 | D:1      | Reached XP level 1. HP: 17/17 MP: 3/3
   267 | D:1      | Reached skill level 3 in Unarmed Combat
   482 | D:1      | Reached XP level 2. HP: 24/24 MP: 4/4
   638 | D:1      | You fall into a shaft and drop 1 floor!
   808 | D:2      | Reached skill level 4 in Unarmed Combat
   808 | D:2      | Reached XP level 3. HP: 13/29 MP: 5/5
  1628 | D:2      | Learned a level 2 spell: Blink
  1631 | D:2      | Noticed Sigmund
  2934 | D:2      | Found Goubu's Armour Emporium.
  2936 | D:2      | Reached XP level 4. HP: 36/36 MP: 6/6
  3091 | D:2      | Killed from afar by Sigmund

Illustrated notes

Levels and vault maps discovered:
D:1:      lemuel_arrival_hallway, layout_loops_ring
D:2:      layout_loops_cross, serial_shops, shop, serial_bayou_lagoon_a,
          minmay_crystal_room, bh_walls_and_bars, uniq_sigmund

Skill      XL: |  1  2 |
---------------+-------+-----
Unarmed Combat | 3 4 |  4.6
Fighting       | |  1.8
Throwing       | |  1.7
Dodging        | |  2.6
Spellcasting   | |  0.1
Translocations | |  0.1

Action                   |  1- 3 |  4- 6 || total
-------------------------+-------+-------++-------
Melee: Unarmed           |    93 |    26 ||   119
       Punch             |     4 |       ||     4
 Fire: Hunting sling     |       |     5 ||     5
Throw: Throwing net      |       |     3 ||     3
  Use: Potion            |     1 |     3 ||     4
       Scroll            |       |     1 ||     1
Armor: Chain mail        |    45 |    10 ||    55
Dodge: Dodged            |    31 |     2 ||    33
